 Dungeon Crawl Stone Soup version 0.28-a0-811-g00180f5fcc (webtiles) character file.

Game seed: 15803194244885022099

1168 Conn the Sneak (level 8, -11/48 HPs)
             Began as an Octopode Fire Elementalist on Nov 8, 2021.
             Mangled by a two-headed ogre (13 damage)
             ... on level 5 of the Dungeon.
             The game lasted 00:22:09 (6115 turns).

Conn the Sneak (Octopode Fire Elementalist)         Turns: 6115, Time: 00:22:10

Health: -11/48     AC:  1    Str: 13    XL:     8   Next: 40%
Magic:  15/15      EV: 14    Int: 27    God:
Gold:   326        SH:  0    Dex: 16    Spells: 5/16 levels left

rFire   + . .      SeeInvis .   q - staff of fire
rCold   + . .      Faith    .   (no shield)
rNeg    + . .      Spirit   .   u - +0 hat
rPois   .          Reflect  .   f - amulet of magic regeneration
rElec   .          Harm     .   g - ring of resist corrosion
rCorr   +          Rampage  .   i - ring "Jioddoz" {rN+ Str+6 Int+5 Dex+4}
Will    .....                   m - ring "Zakluwk" {rC+ Int+2}
Stlth   ++++......              (no ring)
HPRegen 0.16/turn               (no ring)
MPRegen 0.39/turn               (no ring)
                                (no ring)
                                (no ring)

@: no status effects
A: almost no armour, amphibious, 8 rings, camouflage 1, gelatinous body 1,
(nimble swimmer 1), tentacles
a: no special abilities


You were on level 5 of the Dungeon.
You visited 1 branch of the dungeon, and saw 7 of its levels.
You also visited: Sewer.

You collected 326 gold pieces.

Inventory:

Hand Weapons
 d - a +0 dagger of freezing
Missiles
 k - 18 poisoned darts
Armour
 u - a +0 hat (worn)
Magical Staves
 q - a staff of fire (weapon)
Jewellery
 f - an amulet of magic regeneration (around mantle)
 g - a ring of resist corrosion (left tentacle)
 h - an amulet of guardian spirit
 i - the ring "Jioddoz" (right tentacle) {rN+ Str+6 Int+5 Dex+4}
   (You acquired it on level 4 of the Dungeon)

   [ring of strength]

   Str:       It affects your strength (+6).
   Int:       It affects your intelligence (+5).
   Dex:       It affects your dexterity (+4).
   rN:        It protects you from negative energy.
 m - the ring "Zakluwk" (on tentacle) {rC+ Int+2}
   (You acquired it on level 4 of the Dungeon)

   [ring of protection from cold]

   Int:       It affects your intelligence (+2).
   rC:        It protects you from cold.
Wands
 n - a wand of polymorph (8)
 t - a wand of iceblast (10)
Scrolls
 a - 2 scrolls of amnesia
 b - 4 scrolls of teleportation
 l - 2 scrolls of vulnerability
 o - 2 scrolls of brand weapon
 s - a scroll of noise
 v - 2 scrolls of identify
Potions
 c - a potion of degeneration
 e - 4 potions of might
 p - 3 potions of flight
 r - 2 potions of curing
 w - a potion of haste


   Skills:
 + Level 1.6 Fighting
 + Level 2.4 Short Blades
 + Level 1.7 Staves
 + Level 2.9 Dodging
 + Level 6.0 Stealth
 + Level 4.8 Spellcasting
 + Level 3.9 Conjurations
 + Level 0.7 Hexes
 + Level 5.2 Fire Magic


You had 5 spell levels left.
You knew the following spells:

 Your Spells              Type           Power      Damage    Failure   Level
a - Foxfire               Conj/Fire      100%       2x1d9     1%          1
b - Conjure Flame         Conj/Fire      46%        6-21      3%          3
c - Inner Flame           Hex/Fire       33%        N/A       6%          3
d - Flame Wave            Conj/Fire      46%        3d9       11%         4

Your spell library contained the following spells:

 Spells                   Type           Power      Damage    Failure   Level
 Scorch                   Fire           100%       2d10      1%          2
 Sting                    Tmut/Pois      24%        1d4       8%          1
 Poisonous Vapours        Pois/Air       12%        N/A       11%         2
 Olgreb's Toxic Radiance  Pois           6%         N/A       58%         4
 Summon Cactus Giant      Summ           3%         N/A       100%        6


Dungeon Overview and Level Annotations

Branches:
Dungeon (7/15)              Sewer (visited)
 Temple: D:4-7

Altars:
Ashenzari
The Shining One


Innate Abilities, Weirdness & Mutations

You cannot wear most types of armour.
You are amphibious.
You can wear up to eight rings at the same time.
Your skin changes colour to match your surroundings (Stealth+).
Your rubbery body absorbs attacks. (AC +1, EV +1)
((You are camouflaged near water. (Stealth+)))
You have tentacles for arms and can constrict up to eight enemies at once.


Message History

The two-headed ogre barely misses you. The two-headed ogre misses you.
There is a stone staircase leading up here.
You climb upwards.
There is a stone staircase leading down here.
There is a stone staircase leading down here.
You start resting.
HP restored.
There is a stone staircase leading down here.
You climb downwards.
The two-headed ogre hits you with a +0 dire flail!!
Ouch! That really hurt!
The two-headed ogre misses you.
There is a stone staircase leading up, spattered with blood here.
You feel much better.
The two-headed ogre hits you with a +0 dire flail!!
The two-headed ogre hits you with a +0 giant spiked club!!
* * * LOW HITPOINT WARNING * * *
Okay, then.
Okay, then.
Unknown command.
Unknown command.
Unknown command.
Unknown command.
Sorry, you're not good enough to have a special ability.
Unknown command.
Casting: Foxfire (safe; 1% risk of failure)
Confirm with . or Enter, or press ? or * to list all spells.
Okay, then.
Press: ? - help, v - describe, . - travel
Here: a two-headed ogre, wielding a +0 dire flail and a +0 giant spiked club The floor.
As you read the scroll labelled LUILYEQUWN, it crumbles to dust.
You hear a loud clanging noise!
It was a scroll of noise.
The two-headed ogre misses you. x2
As you read the scroll labelled RUENYT WUME, it crumbles to dust.
It is a scroll of brand weapon.
Your +0 dagger is covered with a thin layer of ice!
d - a +0 dagger of freezing The two-headed ogre hits you with a +0 dire flail!
You die...

#.##.# #.##.#.# #.##.###.##.#.#
#.##.##..##.#.#
#...#....##.#.#####
####.##..##......>#
#.##..##.#.###.#
#.##(..........#
#.##.....#<###.# #........O@#
#.# ####.###.### #.##########
#### ##.###.### #..........#
#.. ..........# #.########.#
#.# ###.###.#.# #.# #.# ####.#
#. #...###.## #.###
.(...#####.# ###......# #....
###........#
##.###..#######...#
##.#####.####...##...........#.


You could see a two-headed ogre.

Vanquished Creatures
  A sky beast (D:4)
  2 black bears
  An ogre (D:5)
  A phantom (D:5)
  A kobold brigand (Sewer)
  2 scorpions
  2 bullfrog zombies (D:5)
  A bullfrog skeleton (D:2)
  Jessica (D:3)
  A scorpion zombie (D:5)
  Ijyb (D:3)
  Natasha (thrice) (D:4)
  Terence (D:2)
  2 iguanas
  Robin (D:2)
  A howler monkey skeleton (D:5)
  6 adders
  3 river rats
  2 ufetubi (D:5)
  An adder skeleton (D:4)
  2 worms
  7 orcs
  13 endoplasms
  4 giant cockroaches
  12 hobgoblins
  8 jackals
  5 quokkas
  12 ball pythons
  4 bats
  6 frilled lizards
  10 goblins
  A jackal skeleton (D:4)
  8 kobolds
  9 rats
135 creatures vanquished.

Vanquished Creatures (collateral kills)
  7 foxfires (D:3)
7 creatures vanquished.

Vanquished Creatures (others)
  A demonic plant (D:3)
  331 foxfires
332 creatures vanquished.

Grand Total: 474 creatures vanquished

Notes
Turn   | Place    | Note
-------+----------+-------------------------------------------
     0 | D:1      | Conn the Octopode Fire Elementalist began the quest for the
                  | Orb.
     0 | D:1      | Reached XP level 1. HP: 11/11 MP: 3/3
   282 | D:1      | Reached skill level 3 in Stealth
   325 | D:1      | Reached XP level 2. HP: 4/17 MP: 0/5
   924 | D:1      | Reached XP level 3. HP: 19/21 MP: 3/6
  1346 | D:2      | Reached XP level 4. HP: 22/27 MP: 6/8
  1479 | D:2      | Identified the +0 helmet of Free Expression {+Blink rC+}
  1479 | D:2      | Noticed Robin
  1487 | D:2      | Killed Robin
  1526 | D:2      | Noticed a black bear
  1533 | D:2      | Killed a black bear
  1534 | D:2      | Reached skill level 1 in Short Blades
  1534 | D:2      | Reached skill level 4 in Stealth
  1534 | D:2      | Reached XP level 5. HP: 27/32 MP: 6/9
  2243 | D:2      | Noticed Terence
  2255 | D:2      | Killed Terence
  2741 | D:3      | Reached XP level 6. HP: 37/37 MP: 11/11
  3060 | D:3      | Noticed Ijyb
  3068 | D:3      | Learned a level 3 spell: Conjure Flame
  3072 | D:3      | Learned a level 3 spell: Inner Flame
  3077 | D:3      | Learned a level 4 spell: Flame Wave
  3086 | D:3      | Killed Ijyb
  3087 | D:3      | Reached skill level 1 in Fighting
  3148 | D:3      | Noticed Jessica
  3153 | D:3      | Killed Jessica
  3216 | D:3      | Found a faded altar of an unknown god.
  3473 | D:4      | You fall into a shaft and drop 3 floors!
  3483 | D:5      | Entered Level 5 of the Dungeon
  3523 | D:5      | Reached skill level 5 in Stealth
  3815 | D:5      | Found a broken altar of Ashenzari.
  3836 | D:5      | Reached XP level 7. HP: 12/43 MP: 10/12
  3947 | D:5      | Noticed a two-headed ogre
  3948 | D:5      | HP: 2/43 [phantom (9)]
  4253 | D:5      | Found a glowing drain.
  4260 | Sewer    | Entered a sewer
  4420 | Sewer    | Found a white marble altar of Elyvilon.
  4650 | D:5      | Reached skill level 1 in Staves
  4718 | D:5      | Found a glowing golden altar of the Shining One.
  5081 | D:4      | Reached XP level 8. HP: 32/48 MP: 8/14
  5214 | D:4      | Reached skill level 5 in Fire Magic
  5289 | D:4      | Identified 2 scrolls of acquirement
  5292 | D:4      | Acquired the ring "Jioddoz" {rN+ Str+6 Int+5 Dex+4}
  5295 | D:4      | Acquired the ring "Zakluwk" {rC+ Int+2}
  5540 | D:4      | Noticed Natasha
  5545 | D:4      | Killed Natasha
  5701 | D:4      | Noticed Natasha
  5705 | D:4      | Killed Natasha
  5806 | D:4      | Noticed Natasha
  5811 | D:4      | Killed Natasha
  5891 | D:5      | Reached skill level 6 in Stealth
  6113 | D:5      | HP: 1/48 [two-headed ogre (20)]
  6115 | D:5      | Mangled by a two-headed ogre

Illustrated notes

Levels and vault maps discovered:
D:1:      dpeg_arrival_ternary, layout_loops_cross, minmay_cupped
D:2:      layout_loops_corners, uniq_terence, uniq_robin
D:3:      layout_rooms, shapermc_ecumenical_altar_gd, uniq_ijyb, uniq_jessica
D:4:      layout_loops_ring, uniq_natasha
D:5:      minmay_angry_zag, layout_loops_ring, cheibrodos_ashenzari_chains,
          mainiacjoe_overflow_paths, gup_sewer_entry_bubbles
D:6:      layout_gridville, minmay_temple_entry_ruins, uniq_grinder
D:7:      layout_cave_pools, lemuel_doored_altar

Skill      XL: |  1  2  3  4  5  6  7  8 |
---------------+-------------------------+-----
Stealth        | 3 4 5 6 |  6.0
Short Blades   | 1 2 |  2.4
Spellcasting   | 3 4 |  4.8
Conjurations   | 2 3 |  3.9
Fire Magic     | 4 5 |  5.2
Fighting       | 1 |  1.6
Staves         | 1 |  1.7
Dodging        | |  2.9
Hexes          | |  0.7

Action                   |  1- 3 |  4- 6 |  7- 9 || total
-------------------------+-------+-------+-------++-------
Melee: Unarmed           |     5 |       |       ||     5
       Constrict         |     5 |    22 |    11 ||    38
       Dagger            |    11 |    62 |       ||    73
       Tentacles         |     4 |    13 |     6 ||    23
       Staff             |       |    13 |    37 ||    50
 Cast: Foxfire           |    43 |    81 |    81 ||   205
       Inner Flame       |       |       |     6 ||     6
       Flame Wave        |       |       |     3 ||     3
       Conjure Flame     |       |       |     2 ||     2
  Use: Potion            |       |     3 |     2 ||     5
       Scroll            |       |       |     8 ||     8
 Stab: Sleeping          |     5 |     5 |     3 ||    13
Armor: Skin              |     2 |     7 |     4 ||    13
Dodge: Dodged            |    16 |    59 |    30 ||   105

Table legend: (Time is in decaauts)
 A = Elapsed time spent in this place.
 B = Non-inter-level travel time spent in this place.
 C = Inter-level travel time spent in this place.
 D = Time resting spent in this place.
 E = Time spent auto-exploring this place.
 F = Levels seen in this place.
 G = Mean time per level.
                   A        B        C        D        E       F      G
               +--------+--------+--------+--------+--------+-----+--------+
         Total |   6110 |   5988 |    122 |     92 |   4030 |   8 |  763.8 |
       Dungeon |   5848 |   5726 |    122 |     92 |   3933 |   7 |  835.4 |
         Sewer |    262 |    262 |      0 |      0 |     97 |   1 |  262.0 |
               +--------+--------+--------+--------+--------+-----+--------+

Top non-repeatable levels by time:
     D:2: 1398 daAuts
     D:1: 1334 daAuts
     D:5: 1240 daAuts
     D:4: 1172 daAuts
     D:3: 678 daAuts
   Sewer: 262 daAuts
     D:6: 21 daAuts
     D:7: 2 daAuts
